 Dungeon Crawl Stone Soup version 0.30.0-29-ga12c61a403 (webtiles) character file.

Game seed: 2317184987825569023

49413 AIAndy the Warrior (level 14, -11/110 (111) HPs)
             Began as a Demonspawn Fighter on June 23, 2023.
             Was the Champion of Hepliaklqana.
             Mangled by a minotaur
             ... wielding a +4 great mace of protection
              (13 damage)
             ... in a Gauntlet on June 25, 2023.
             The game lasted 01:18:30 (13492 turns).

AIAndy the Warrior (Demonspawn Fighter)            Turns: 13492, Time: 01:18:32

HP:   -11/110 (111) AC: 19    Str: 13    XL:     14   Next: 15%
MP:   14/14         EV: 11    Int:  8    God:    Hepliaklqana [******]
Gold: 1022          SH: 13    Dex: 19    Spells: 13/13 levels left

rFire   . . .        I - +7 rapier "Kosoheo" {venom, rF+ rC+ Int-4 Dex+3}
rCold   + . .        p - +0 kite shield
rNeg    + + +        o - +1 chain mail {rPois}
rPois   +            l - +1 helmet
rElec   .            s - +0 cloak of Howling Wind {rPois rF- rN+++ Str-5}
rCorr   .            (gloves unavailable)
SInv    .            (no boots)
Will    +....        G - amulet of regeneration Stlth
                     e - +4 ring of protection
HPRegen 1.18/turn    T - +5 ring of evasion
MPRegen 0.14/turn

%: no teleportation
@: mighty, hasted, lightly drained, very quick
A: reduced essence, claws 3, thin skeletal structure 1, powered by pain 1, spiny
3, augmentation 1
a: Renounce Religion, Recall Ancestor, Ancestor Identity, Transference, Idealise


You were in a Gauntlet.
You worshipped Hepliaklqana.
Hepliaklqana was exalted by your worship.
You visited 2 branches of the dungeon, and saw 16 of its levels.
You also visited: Sewer and Gauntlet.

You collected 1022 gold pieces.

Inventory:

Hand Weapons
 I - the +7 rapier "Kosoheo" (weapon) {venom, rF+ rC+ Int-4 Dex+3}
   (You found it on level 5 of the Dungeon)

   Int:       It affects your intelligence (-4).
   Dex:       It affects your dexterity (+3).
   rF:        It protects you from fire.
   rC:        It protects you from cold.
Missiles
 c - 3 throwing nets
 j - 24 poisoned darts (quivered)
 L - 4 curare-tipped darts
 U - 2 javelins
Armour
 l - a +1 helmet (worn)
 o - a +1 chain mail of poison resistance (worn)
 p - a +0 kite shield (worn)
 s - the +0 cloak of Howling Wind (worn) {rPois rF- rN+++ Str-5}
   (You found it in a Gauntlet)

   Str:       It affects your strength (-5).
   rF:        It makes you vulnerable to fire.
   rPois:     It protects you from poison.
   rN:        It renders you almost immune to negative energy.
Jewellery
 e - a +4 ring of protection (left claw)
 n - the ring "Ziblimekk" {Wiz Dex+6}
   (You found it in a Gauntlet)

   [ring of wizardry]

   It improves your spell success rate.
   Dex:       It affects your dexterity (+6).
 G - an amulet of regeneration (around neck)
 T - a +5 ring of evasion (right claw)
 W - a ring of flight
 X - a ring of see invisible
Wands
 b - a wand of mindburst (11)
 q - a wand of digging (6)
 w - a wand of paralysis (2)
 F - a wand of flame (24)
 J - a wand of roots (4)
Scrolls
 a - a scroll of amnesia {unknown}
 f - 2 scrolls of blinking
 g - a scroll of summoning {unknown}
 i - 2 scrolls of identify
 u - 2 scrolls of enchant armour {unknown}
 v - a scroll of fear {unknown}
 x - a scroll of poison {unknown}
 y - 11 scrolls of teleportation
 E - 5 scrolls of immolation
 M - 2 scrolls of magic mapping
 N - a scroll of fog {unknown}
 Q - 2 scrolls of noise {unknown}
 Y - a scroll of brand weapon {unknown}
Potions
 d - 3 potions of might
 h - 6 potions of haste
 k - 2 potions of flight
 m - 3 potions of resistance
 r - 4 potions of curing
 t - a potion of mutation
 D - 2 potions of ambrosia
 O - a potion of invisibility
 P - 2 potions of cancellation
 R - a potion of lignification
Miscellaneous
 V - a piece from Xom's chessboard (15/15)


   Skills:
 + Level 15.7 Fighting
 + Level 12.6 Short Blades
 + Level 8.2 Armour
 + Level 1.6 Dodging
 + Level 11.1 Shields


You had 13 spell levels left.
You didn't know any spells.
Your spell library contained the following spells:

 Spells                   Type           Power      Damage    Failure   Level
 Foxfire                  Conj/Fire      0%         2x1d4     100%        1
 Freeze                   Ice            0%         1d3       100%        1
 Magic Dart               Conj           0%         1d3       100%        1
 Slow                     Hex            0%         N/A       100%        1
 Call Imp                 Summ           0%         N/A       100%        2
 Lesser Beckoning         Tloc           0%         N/A       100%        2
 Confusing Touch          Hex            0%         N/A       100%        3
 Frozen Ramparts          Ice            0%         1d1       100%        3
 Gell's Gravitas          Tloc           0%         N/A       100%        3
 Hailstorm                Conj/Ice       0%         3d3       100%        3
 Mephitic Cloud           Conj/Pois/Air  0%         N/A       100%        3
 Teleport Other           Tloc           0%         N/A       100%        3
 Vampiric Draining        Necr           0%         2d6       100%        3
 Ice Form                 Ice/Tmut       0%         N/A       100%        4
 Simulacrum               Ice/Necr       0%         N/A       100%        6


Dungeon Overview and Level Annotations

Branches:
Dungeon (14/15)            Temple (0/1) D:4            Lair (2/5) D:11
  Snake (0/4) Lair:2          Orc (0/2) D:11         Vaults (0/5) D:14
  Sewer (visited)         Gauntlet (1/1)
  Swamp: Lair:2-3    Shoals: Lair:2-3

Altars:
Ashenzari
Cheibriados
Fedhas
Gozag
Hepliaklqana
Kikubaaqudgha
Makhleb
Nemelex Xobeh
Okawaru
Ru
Sif Muna
Vehumet
Wu Jian
Xom
Yredelemnul

Shops:
D:5 (

Annotations:
D:8 3 runed translucent doors, purpleHaze's ghost, novice HuEE
D:12 3 runed translucent doors, ripuliukko's ghost, journeyman DEEE Gauntlet 8 transporters, 1 runed translucent door, exclusion: lightning spire


Innate Abilities, Weirdness & Mutations

Your life essence is reduced to manifest your ancestor. (-10% HP)
You have claws for hands.
You have a somewhat thin skeletal structure. (Dex +2, Stealth+)
You sometimes gain a little power by taking damage.
You are completely covered in sharp spines.
Your magical and physical power is slightly enhanced at high health.


Message History

You feel a little less mighty now.
The minotaur hits you with a +4 great mace of protection!
The minotaur gores you!
You focus on the pain.
You feel very mighty all of a sudden.
Ur-Dumizida hits the minotaur with a +0 quarterstaff.
You hit the minotaur but do no damage.
The minotaur looks as sick as possible!
The minotaur is moderately wounded.
You hit the minotaur but do no damage.
The minotaur is moderately wounded.
The minotaur hits you with a +4 great mace of protection!!
* * * LOW HITPOINT WARNING * * *
The minotaur gores you.
* * * LOW HITPOINT WARNING * * *
Ur-Dumizida hits the minotaur with a +0 quarterstaff!!
The minotaur hits Ur-Dumizida with a +4 great mace of protection!
The minotaur gores Ur-Dumizida!!
Ur-Dumizida is destroyed!
There is an open door here.
You feel yourself speed up.
The minotaur bellows!
You hit the minotaur but do no damage.
The minotaur is severely wounded.
The minotaur drinks a potion.
The minotaur is healed!
You hit the minotaur but do no damage.
The minotaur looks as sick as possible!
The minotaur is heavily wounded.
Okay, then.
You hit the minotaur.
The minotaur is heavily wounded.
You block the minotaur's attack. The minotaur gores you!
* * * LOW HITPOINT WARNING * * *
You hit the minotaur.
The minotaur is severely wounded.
You hit the minotaur.
The minotaur looks as sick as possible!
The minotaur is severely wounded.
The minotaur hits you with a +4 great mace of protection!
* * * LOW HITPOINT WARNING * * *
You focus on the pain.
You feel mightier all of a sudden. The minotaur gores you!
You die...

####### #≈≈≈≈≈#
≈≈∩≈≈ ...
###.### #...H.#
######@#######
#.............#
#.###.###.###.#
#.###.###.###.#
#.............#
##.###.###.###
###.###.###.###
#.............#
##...©.©.©...##


You could see a minotaur (extremely poisoned).

Vanquished Creatures
  Jorgrun (D:12)
  Azrael (D:12)
  7 vault guards (D:14)
  A hydra (D:14)
  3 centaur warriors
  5 boulder beetles
  2 two-headed ogres (D:10)
  4 death yaks (D:11)
  A death drake (Gauntlet)
  An obsidian statue (Gauntlet)
  Pikel (D:7)
  A wizard (D:13)
  An orc knight (D:14)
  14 ugly things (D:14)
  A manticore (D:13)
  3 cyclopes
  A spectral centaur (Gauntlet)
  A black mamba (Lair:2)
  5 cane toads (Lair:1)
  2 kobold demonologists (D:10)
  Psyche (D:9)
  A freezing wraith (D:14)
  A tengu conjurer (D:13)
  5 komodo dragons
  4 trolls
  A meliai (D:13)
  Grinder (D:4)
  A hornet (shapeshifter) (D:13)
  3 dream sheep (Lair:2)
  A shadow (D:12)
  3 wraiths
  A basilisk (D:13)
  10 yaks
  A wyvern (D:9)
  3 fire elementals (D:12)
  2 steam dragons
  14 vampire mosquitoes
  A naga (Lair:2)
  A warg (D:14)
  3 water moccasins
  2 acid dragons
  A hell hound (D:12)
  8 orc warriors
  An ice beast (D:5)
  A sky beast (D:6)
  11 centaurs
  A phantom (D:5)
  3 lemures (D:7)
  4 kobold brigands
  3 bullfrogs
  2 scorpions
  2 necrophages (D:6)
  5 wights
  9 killer bees
  An electric eel (Lair:1)
  6 howler monkeys
  2 bullfrog zombies (D:6)
  A centaur zombie (D:6)
  A human zombie (D:6)
  2 gnoll boudas
  8 orc priests
  A spectral boggart (Gauntlet)
  6 jellies
  Natasha (twice) (D:2)
  Terence (D:2)
  An iguana (D:5)
  8 orc wizards
  A mummy (D:6)
  Robin (D:2)
  17 gnolls
  A howler monkey zombie (D:6)
  6 adders
  3 river rats
  A white imp (D:5)
  A worm (D:2)
  2 dart slugs (D:2)
  21 orcs
  4 ball pythons
  6 endoplasms
  2 giant cockroaches (Sewer)
  6 hobgoblins
  6 jackals
  13 kobolds
  A quokka (D:1)
  5 bats
  3 frilled lizards
  8 goblins (D:2)
  13 rats
328 creatures vanquished.

Vanquished Creatures (collateral kills)
  A vault guard (D:14)
  A centaur warrior (D:12)
  A death yak (D:11)
  A deep elf pyromancer (D:14)
  An ugly thing (D:14)
  A cyclops (D:12)
  A cane toad (Lair:1)
  A gargoyle (D:12)
  2 meliai (D:13)
  A troll (D:12)
  A dream sheep (Lair:2)
  A wraith (D:9)
  A shadow (D:12)
  A wyvern (Lair:1)
  A basilisk (Lair:2)
  4 yaks
  A fire elemental (D:12)
  A vampire mosquito (D:11)
  2 nagas (Lair:2)
  Edmund (D:4)
  A hell hound (D:12)
  A water moccasin (Lair:1)
  An orc warrior (D:9)
  9 centaurs
  A phantom (D:5)
  Blork the orc (D:4)
  2 bullfrogs
  A wight (D:7)
  5 killer bees
  3 electric eels
  A howler monkey (D:7)
  A hound (D:7)
  A bullfrog zombie (D:6)
  2 jellies
  An orc priest (D:3)
  7 orc wizards
  2 iguanas (D:6)
  2 mummies (D:6)
  3 adders
  5 gnolls
  A river rat (D:6)
  A shadow imp (D:7)
  3 worms
  2 dart slugs
  16 orcs
  7 endoplasms (Sewer)
  2 giant cockroaches (Sewer)
  A goblin (D:2)
  A jackal (D:3)
  A quokka (D:2)
  5 ball pythons
  3 frilled lizards
  9 kobolds
  2 rats (Sewer)
  A butterfly (Lair:2)
130 creatures vanquished.

Vanquished Creatures (others)
  A centaur (D:12)
  4 battlemagi
  An orc wizard (D:9)
  An ancestor (D:2)
7 creatures vanquished.

Grand Total: 465 creatures vanquished

Notes
Turn   | Place    | Note
-------+----------+-------------------------------------------
     0 | D:1      | AIAndy the Demonspawn Fighter began the quest for the Orb.
     0 | D:1      | Reached XP level 1. HP: 18/18 MP: 1/1
   126 | D:1      | Gained mutation: You sometimes gain a little power by
                  | taking damage. [demonic ancestry]
   126 | D:1      | Reached XP level 2. HP: 24/24 MP: 2/2
   226 | D:1      | Found a faded altar of an unknown god.
   246 | D:1      | Prayed at the altar of an unknown god.
   246 | D:1      | Became a worshipper of Hepliaklqana the Forgotten
   246 | D:1      | Reached * piety under Hepliaklqana
   640 | D:1      | Reached skill level 4 in Fighting
   713 | D:2      | Reached XP level 3. HP: 24/27 MP: 3/3
   953 | D:2      | Noticed Robin
   964 | D:2      | Gained mutation: You are partially covered in sharp spines.
                  | [demonic ancestry]
   964 | D:2      | Reached XP level 4. HP: 27/34 MP: 4/4
   968 | D:2      | Reached skill level 5 in Fighting
   984 | D:2      | Killed Robin
  1110 | D:2      | Found a shimmering altar of Xom.
  1173 | D:2      | Noticed Terence
  1180 | D:2      | Killed Terence
  1228 | D:2      | Reached ** piety under Hepliaklqana
  1229 | D:2      | Remembered your ancestor Ur-Dumizida as a battlemage
  1292 | D:2      | Gained mutation: You have sharp fingernails. [demonic
                  | ancestry]
  1292 | D:2      | Reached XP level 5. HP: 40/41 MP: 5/5
  1307 | D:2      | Reached skill level 6 in Fighting
  1432 | D:2      | Noticed Natasha
  1438 | D:2      | Killed Natasha
  1636 | D:2      | Noticed Natasha
  1646 | D:2      | Killed Natasha
  1886 | D:3      | Gained mutation: You are mostly covered in sharp spines.
                  | [demonic ancestry]
  1886 | D:3      | Reached XP level 6. HP: 24/47 MP: 6/6
  2278 | D:3      | Identified the +1 dagger of Kismet {freeze, rN++}
  2499 | D:3      | Found an ancient bone altar of Kikubaaqudgha.
  2513 | D:3      | Found a shimmering blue altar of Sif Muna.
  2517 | D:3      | Reached skill level 7 in Fighting
  2525 | D:3      | Found a radiant altar of Vehumet.
  2535 | D:3      | Gained mutation: You are completely covered in sharp
                  | spines. [demonic ancestry]
  2535 | D:3      | Reached XP level 7. HP: 53/54 MP: 7/7
  2538 | D:3      | Got Vehumet's Omnibus of Battle Magic
  2904 | D:4      | Found a staircase to the Ecumenical Temple.
  2916 | D:4      | Noticed Grinder
  2923 | D:4      | Killed Grinder
  3000 | D:4      | Noticed Edmund
  3015 | D:4      | Killed Edmund
  3016 | D:4      | Reached skill level 8 in Fighting
  3016 | D:4      | Reached skill level 5 in Shields
  3129 | D:4      | Found an iron altar of Okawaru.
  3158 | D:4      | Noticed Blork the orc
  3165 | D:4      | Killed Blork the orc
  3371 | D:5      | Entered Level 5 of the Dungeon
  3371 | D:5      | Reached *** piety under Hepliaklqana
  3417 | D:5      | Gained mutation: You have very sharp fingernails. [demonic
                  | ancestry]
  3417 | D:5      | Reached XP level 8. HP: 62/62 MP: 8/8
  3430 | D:5      | Found a sparkling altar of Nemelex Xobeh.
  3557 | D:5      | Identified the +7 rapier "Kosoheo" {venom, rF+ rC+ Int-4
                  | Dex+3}
  3794 | D:5      | Found Numany's Antique Weapon Shop.
  4012 | D:6      | Found a glowing drain.
  4029 | D:6      | Identified the +2 spear of Armageddon {speed, rF+}
  4035 | Sewer    | Entered a sewer
  4102 | Sewer    | Reached skill level 9 in Fighting
  4131 | Sewer    | Found a viscous altar of Jiyva.
  4137 | Sewer    | Reached **** piety under Hepliaklqana
  4376 | D:6      | Reached XP level 9. HP: 69/69 MP: 9/9
  4680 | D:6      | Found a basalt altar of Yredelemnul.
  4816 | D:6      | Found a snail-covered altar of Cheibriados.
  4990 | D:7      | Reached skill level 10 in Fighting
  4990 | D:7      | Reached skill level 5 in Short Blades
  5173 | D:7      | Noticed Pikel
  5177 | D:7      | Killed Pikel
  5192 | D:7      | Found a shimmering altar of Xom.
  5193 | D:7      | Found a shimmering altar of Xom.
  5193 | D:7      | Found a shimmering altar of Xom.
  5194 | D:7      | Found a shimmering altar of Xom.
  5194 | D:7      | Found a shimmering altar of Xom.
  5195 | D:7      | Found a shimmering altar of Xom.
  5196 | D:7      | Found a shimmering altar of Xom.
  5196 | D:7      | Found a shimmering altar of Xom.
  5196 | D:7      | Found a shimmering altar of Xom.
  5521 | D:7      | Reached ***** piety under Hepliaklqana
  5534 | D:7      | Found a blossoming altar of Fedhas.
  5689 | D:8      | Found a burning altar of Makhleb.
  5720 | D:8      | Reached XP level 10. HP: 77/77 MP: 10/10
  5767 | D:8      | Found a runed translucent gate.
  5768 | D:8      | Found a runed translucent gate.
  5770 | D:8      | Found a runed translucent gate.
  5996 | D:8      | Noticed purpleHaze's ghost (novice HuEE)
  6122 | D:8      | Reached skill level 11 in Fighting
  6579 | D:9      | Found a sacrificial altar of Ru.
  6663 | D:9      | Noticed Psyche
  6672 | D:9      | Killed Psyche
  6718 | D:9      | Found a broken altar of Ashenzari.
  6915 | D:9      | Reached skill level 12 in Fighting
  7037 | D:10     | Entered Level 10 of the Dungeon
  7037 | D:10     | Noticed a two-headed ogre
  7046 | D:10     | Killed a two-headed ogre
  7047 | D:10     | Gained mutation: Your magical and physical power is
                  | slightly enhanced at high health. [demonic ancestry]
  7047 | D:10     | Reached XP level 11. HP: 86/86 MP: 11/11
  7112 | D:10     | Noticed a two-headed ogre
  7115 | D:10     | Found a hazy altar of Hepliaklqana.
  7120 | D:10     | Killed a two-headed ogre
  7267 | D:10     | Found an ornate altar of the Wu Jian Council.
  7270 | D:10     | Found an opulent altar of Gozag.
  7589 | D:11     | Identified the ring "Ruediz" {rN+ Str+3 Int+3}
  7635 | D:11     | Noticed a death yak
  7638 | D:11     | Found a staircase to the Lair.
  7638 | D:11     | Noticed a death yak
  7644 | D:11     | Noticed a death yak
  7645 | D:11     | Killed a death yak
  7645 | D:11     | Noticed a death yak
  7645 | D:11     | Noticed a death yak
  7646 | D:11     | Reached skill level 13 in Fighting
  7657 | D:11     | Killed a death yak
  7672 | D:11     | Killed a death yak
  7678 | D:11     | Killed a death yak
  7679 | D:11     | Reached skill level 10 in Short Blades
  7698 | D:11     | Killed a death yak
  7768 | D:11     | Found a staircase to the Orcish Mines.
  8072 | D:11     | Reached XP level 12. HP: 95/95 MP: 12/12
  8667 | D:12     | Noticed a centaur warrior
  8681 | D:12     | Killed a centaur warrior
  8682 | D:12     | Reached skill level 14 in Fighting
  8799 | D:12     | Found a blossoming altar of Fedhas.
  8802 | D:12     | Reached ****** piety under Hepliaklqana
  8852 | D:12     | Found a runed translucent gate.
  8854 | D:12     | Found a runed translucent gate.
  8865 | D:12     | Noticed Azrael
  8885 | D:12     | Killed Azrael
  9098 | D:12     | Noticed Jorgrun
  9114 | D:12     | Killed Jorgrun
  9115 | D:12     | Reached skill level 5 in Armour
  9115 | D:12     | Noticed ripuliukko's ghost (journeyman DEEE)
  9141 | D:12     | Found a runed translucent gate.
  9191 | D:12     | Noticed a boulder beetle
  9206 | D:12     | Killed a boulder beetle
  9712 | D:13     | Noticed a centaur warrior
  9719 | D:13     | Killed a centaur warrior
  9871 | D:13     | Noticed a boulder beetle
  9873 | D:13     | Noticed a centaur warrior
  9881 | D:13     | Killed a centaur warrior
  9891 | D:13     | Killed a boulder beetle
 10074 | D:13     | Noticed a boulder beetle
 10098 | D:13     | Killed a boulder beetle
 10225 | D:13     | Gained mutation: You have a somewhat thin skeletal
                  | structure. (Dex +2, Stealth+) [demonic ancestry]
 10225 | D:13     | Reached XP level 13. HP: 89/102 MP: 13/13
 10748 | D:14     | Reached skill level 10 in Shields
 10821 | D:14     | Reached skill level 15 in Fighting
 10942 | D:14     | Found a gate to the Vaults.
 11098 | D:14     | Found a broken altar of Ashenzari.
 12019 | Lair:1   | Entered Level 1 of the Lair of Beasts
 12402 | Lair:1   | Gained mutation: You have claws for hands. [demonic
                  | ancestry]
 12402 | Lair:1   | Reached XP level 14. HP: 110/110 MP: 14/14
 13033 | Lair:2   | Reached skill level 1 in Dodging
 13131 | Lair:2   | Found a gate leading to a gauntlet.
 13153 | Lair:2   | Found a staircase to the Snake Pit.
 13171 | Gauntlet | Entered a Gauntlet
 13171 | Gauntlet | Found a transporter.
 13180 | Gauntlet | Found a transporter.
 13182 | Gauntlet | Found a transporter.
 13183 | Gauntlet | Found a transporter.
 13185 | Gauntlet | Found a transporter.
 13186 | Gauntlet | Found a transporter.
 13190 | Gauntlet | Found a runed translucent door.
 13194 | Gauntlet | Found a transporter.
 13195 | Gauntlet | Found a transporter.
 13204 | Gauntlet | Found a runed translucent door.
 13215 | Gauntlet | Found a transporter.
 13232 | Gauntlet | Found a transporter.
 13236 | Gauntlet | Found a transporter.
 13247 | Gauntlet | Found a transporter.
 13300 | Gauntlet | Found a runed translucent door.
 13392 | Gauntlet | Identified the ring "Ziblimekk" {Wiz Dex+6}
 13447 | Gauntlet | Identified the +0 cloak of Howling Wind {rPois rF- rN+++
                  | Str-5}
 13475 | Gauntlet | Identified the +9 plate armour of Howling Wind {Harm rElec
                  | rF++ Int-2}
 13492 | Gauntlet | HP: 2/110 [minotaur/+4 great mace of protection (22)]
 13492 | Gauntlet | Mangled by a minotaur

Illustrated notes

Levels and vault maps discovered:
D:1:      dpeg_arrival_arbitrary_a, layout_loops_ring,
          hellmonk_ecumenical_altar_lost_god
D:2:      layout_loops_ring, basic_altar, uniq_terence, uniq_robin, uniq_natasha
D:3:      layout_loops_ring, palyth_temple_overflow_mages, grunt_ministairs_15,
          chequers_big_river, amcnicky_mini_corridor_feature,
          minmay_fractal_squares_5
D:4:      layout_cave_pools, mainiacjoe_overflow_cross_hatched,
          minmay_temple_entry_crystal_x, uniq_grinder, uniq_blork_the_orc,
          uniq_edmund
D:5:      layout_gridville, nemelex_xobeh_ov_fountains_minmay,
          minmay_shop_grid_forest
D:6:      layout_rooms, lemuel_mausoleum_altar_yredelemnul, slow_altar_2,
          portal_sewer_entry_a
D:7:      layout_basic, xom_shifter_show, kennysheep_little_box,
          hellmonk_bongcloud_opening, minmay_misc_feat_rows, uniq_pikel
D:8:      layout_loops_corners, lemuel_tele_altar, gammafunk_ghost_icy
D:9:      layout_basic, lemuel_round_altar, nicolae_overflow_crystal_walls,
          uniq_psyche
D:10:     layout_rooms, nicolae_hepliaklqana_hazy_memory,
          grunt_temple_overflow_open
D:11:     layout_loops_corners, dpeg_lair_monsters, david_orc_2
D:12:     layout_stronghold, gammafunk_ghost_nasty_kobolds, serial_rivers,
          chequers_serial_rivers_micro_a, chequers_serial_rivers_marsh,
          chequers_serial_rivers_small_b, chequers_serial_rivers_small_a,
          chequers_serial_rivers_small_3, fedhas_altar_2, uniq_jorgrun,
          uniq_azrael
D:13:     layout_basic
D:14:     layout_irregular_city, erik_vaults_2, cheibrodos_ashenzari_chains,
          lightli_minifort
Lair:1:   layout_cave_pods, serial_bayou_lagoon_b
Lair:2:   layout_cave_pods, minmay_snake_entry_guardpost_small,
          gauntlet_entry_generic, beast_lair_carwin_3, lemuel_fruit_fields
Gauntlet: minmay_gauntlet_mixed_oops_all_seconds
          [minmay_gauntlet_arena_77_mirror, gammafunk_gauntlet_arena_grid,
          minmay_gauntlet_arena_77_path, nicolae_gauntlet_arena_x,
          minmay_gauntlet_arena_77_shame_cube, gammafunk_gauntlet_arena_hedges,
          gauntlet_exit_watery]

Skill      XL: |  1  2  3  4  5  6  7  8  9 10 11 12 13 14 |
---------------+-------------------------------------------+-----
Fighting       | 4 5 6 7 8 9 10 12 13 14 15 | 15.7
Shields        | 3 4 5 6 8 9 10 11 | 11.1
Short Blades   | 4 6 8 10 11 12 | 12.6
Armour         | 3 6 8 |  8.2
Dodging        | 1 |  1.6

Action                     |  1- 3 |  4- 6 |  7- 9 | 10-12 | 13-15 || total
---------------------------+-------+-------+-------+-------+-------++-------
  Melee: Rapier            |    97 |    96 |   157 |   402 |   303 ||  1055
         Dagger            |       |    13 |    36 |       |       ||    49
  Throw: Dart              |     2 |     9 |    25 |    58 |    76 ||   170
 Invoke: Ancestor Life: Ba |       |     1 |       |       |       ||     1
         Idealise          |       |       |       |     1 |       ||     1
  Evoke: Wand              |       |       |       |     2 |       ||     2
    Use: Scroll            |       |       |       |    13 |     4 ||    17
         Potion            |       |       |       |     1 |     3 ||     4
   Stab: Distracted        |       |     1 |     3 |     4 |     5 ||    13
 Armour: Scale mail        |    49 |    35 |       |       |       ||    84
         Chain mail        |       |    10 |    69 |   149 |    48 ||   276
  Dodge: Dodged            |    40 |    24 |    27 |   136 |    60 ||   287
  Block: Buckler           |    15 |    16 |       |       |       ||    31
         Kite shield       |       |    13 |    94 |   219 |   124 ||   450
